 Dungeon Crawl Stone Soup version 0.26-a0-663-g36e8fdb655 (webtiles) character file.

Game seed: 11724668662349963921

353 grandjackal the Slasher (level 6, -2/48 HPs)
             Began as a Demonspawn Gladiator on Oct 11, 2020.
             Slain by an ogre
             ... wielding a +0 giant spiked club
              (21 damage)
             ... on level 4 of the Dungeon.
             The game lasted 00:03:18 (3415 turns).

grandjackal the Slasher (Demonspawn Gladiator)      Turns: 3415, Time: 00:03:18

Health: -2/48      AC: 16    Str: 16    XL:     6   Next: 35%
Magic:  6/6        EV:  1    Int:  9    God:
Gold:   163        SH:  0    Dex: 15    Spells: 5/5 levels left

rFire    + . .     SeeInvis .     - Unarmed
rCold    + . .     Faith    .   (no shield)
rNeg     . . .     Spirit   .   h - +0 gold dragon scales
rPois    +         Reflect  .   c - +0 helmet
rElec    .         Harm     .   (no cloak)
rCorr    .         Rampage  .   (no gloves)
MR       .....                  (no boots)
Stlth    ..........             (no amulet)
HPRegen  0.16/turn              (no ring)
MPRegen  0.10/turn              (no ring)

@: no status effects
A: claws 2, yellow scales 1
a: no special abilities


You were on level 4 of the Dungeon.
You visited 1 branch of the dungeon, and saw 4 of its levels.

You collected 163 gold pieces.

Inventory:

Hand Weapons
 l - a +1 dagger of flaming
Missiles
 d - 3 throwing nets (quivered)
Armour
 c - a +0 helmet (worn)
 h - +0 gold dragon scales (worn)
Jewellery
 j - an uncursed ring of positive energy {unknown}
Scrolls
 a - a scroll of magic mapping {unknown}
 b - a scroll of enchant weapon {unknown}
 e - 6 scrolls of teleportation {unknown}
 i - 3 scrolls of identify {unknown}
 k - a scroll of fear {unknown}
 p - a scroll of blinking {unknown}
Potions
 f - a potion of flight {unknown}
 g - 3 potions of haste {unknown}
 m - a potion of resistance {unknown}
 n - a potion of berserk rage {unknown}
 o - a potion of degeneration {unknown}


   Skills:
 + Level 4.0 Fighting
   Level 4.1 Long Blades
 - Level 1.7 Throwing
 + Level 2.7 Armour
 - Level 3.0 Dodging
 + Level 1.6 Unarmed Combat


You had 5 spell levels left.
You didn't know any spells.
Your spell library was empty.

Dungeon Overview and Level Annotations

Branches:
Dungeon (4/15)
 Temple: D:4-7

Altars:
Ashenzari
Dithmenos
Okawaru
Sif Muna
Wu Jian
The Shining One


Innate Abilities, Weirdness & Mutations

You have very sharp fingernails.
You are partially covered in yellow scales. (AC +2)


Message History

You barely miss the ogre.
The ogre hits you with a +0 giant spiked club.
You scratch the ogre.
The ogre is moderately wounded.
A ball python comes into view.
The ball python hisses angrily.
You claw the ogre!
The ogre is heavily wounded.
The ogre hits you with a +0 giant spiked club!
You completely miss the ogre.
The ogre is heavily wounded.
The ogre hits you with a +0 giant spiked club!
You are too injured to fight recklessly!
You are too injured to fight recklessly!
You scratch the ogre.
The ogre is severely wounded.
You scratch the ogre.
The ogre is severely wounded.
The ogre hits you with a +0 giant spiked club!!
You die...

.# ... .. .. .#
.. .. ##. .# #..
.#
#####..###.###...
.........@O......
##.......S#.<..#
.##........# .##
......†....#
###........#
#........#
#.....<..#
#........#
#........#


You could see an ogre and a ball python.

Vanquished Creatures
  A howler monkey (D:3)
  An orc priest (D:3)
  An orc wizard (D:3)
  Natasha (thrice) (D:3)
  2 worker ants
  6 adders
  2 worms
  A dart slug (D:1)
  2 leopard geckos
  14 orcs (D:3)
  6 bats
  2 giant cockroaches
  7 goblins
  4 hobgoblins
  2 jackals (D:2)
  2 quokkas (D:3)
  A ball python (D:2)
  A frilled lizard (D:2)
  5 kobolds
  6 rats
69 creatures vanquished.

Notes
Turn   | Place    | Note
-------+----------+-------------------------------------------
     0 | D:1      | grandjackal the Demonspawn Gladiator began the quest for
                  | the Orb.
     0 | D:1      | Reached XP level 1. HP: 16/16 MP: 1/1
   368 | D:1      | Found a broken altar of Ashenzari.
   373 | D:1      | Gained mutation: You are partially covered in yellow
                  | scales. (AC +2) [demonic ancestry]
   373 | D:1      | Reached XP level 2. HP: 22/22 MP: 2/2
   772 | D:2      | Found a shadowy altar of Dithmenos.
  1110 | D:2      | Found an iron altar of Okawaru.
  1114 | D:2      | Found an ornate altar of the Wu Jian Council.
  1118 | D:2      | Found a shimmering blue altar of Sif Muna.
  1157 | D:2      | Reached XP level 3. HP: 25/28 MP: 3/3
  1539 | D:2      | Reached skill level 1 in Armour
  1800 | D:3      | Reached XP level 4. HP: 21/34 MP: 4/4
  1975 | D:3      | Noticed Natasha
  1978 | D:3      | Killed Natasha
  2102 | D:3      | Gained mutation: You have sharp fingernails. [demonic
                  | ancestry]
  2102 | D:3      | Reached XP level 5. HP: 34/41 MP: 5/5
  2471 | D:3      | Noticed Natasha
  2490 | D:3      | Killed Natasha
  2613 | D:3      | Found a glowing golden altar of the Shining One.
  2641 | D:3      | Reached skill level 1 in Unarmed Combat
  2663 | D:3      | Noticed Natasha
  2682 | D:3      | Killed Natasha
  2682 | D:3      | Gained mutation: You have very sharp fingernails. [demonic
                  | ancestry]
  2682 | D:3      | Reached XP level 6. HP: 25/48 MP: 6/6
  3415 | D:4      | Slain by an ogre

Illustrated notes

Levels and vault maps discovered:
D:1:      roderic_crop_circles_arrival_small, layout_loops_corners,
          evilmike_ruin_ashenzari
D:2:      layout_basic, old_standard_altar, minmay_overflow_temple_star_quad,
          kennysheep_generic_room_13
D:3:      layout_basic, nrook_loot_triangle, chequers_serial_rivers_large_a,
          tso_metal_star, uniq_natasha
D:4:      layout_rooms, nicolae_overflow_crystal_walls, serial_bayou_ford_a,
          minmay_misc_feat_roman, corexii_leaking_fountain,
          uniq_crazy_yiuf_cottage

Skill      XL: |  1  2  3  4  5  6 |
---------------+-------------------+-----
Long Blades    | 3 4 |  4.1
Dodging        | 3 |  3.0
Armour         | 1 2 |  2.7
Fighting       | 3 4 |  4.0
Unarmed Combat | 1 |  1.6
Throwing       | |  1.7

Action                   |  1- 3 |  4- 6 || total
-------------------------+-------+-------++-------
Melee: Long sword        |    84 |   131 ||   215
       Unarmed           |       |    66 ||    66
       Punch             |       |     1 ||     1
Armor: Leather armour    |     4 |       ||     4
       Gold dragon scale |    62 |   258 ||   320
Dodge: Dodged            |    11 |    12 ||    23
       Rpst.: Long sword |     7 |     3 ||    10

Table legend: (Time is in decaauts)
 A = Elapsed time spent in this place.
 B = Non-inter-level travel time spent in this place.
 C = Inter-level travel time spent in this place.
 D = Time resting spent in this place.
 E = Time spent auto-exploring this place.
 F = Levels seen in this place.
 G = Mean time per level.
                   A        B        C        D        E       F      G
               +--------+--------+--------+--------+--------+-----+--------+
         Total |   3502 |   3355 |    147 |    958 |   1767 |   4 |  875.5 |
       Dungeon |   3502 |   3355 |    147 |    958 |   1767 |   4 |  875.5 |
               +--------+--------+--------+--------+--------+-----+--------+

Top non-repeatable levels by time:
     D:3: 1482 daAuts
     D:2: 1223 daAuts
     D:1: 716 daAuts
     D:4: 80 daAuts
